 Dungeon Sprint DCSS version 0.30-a0-779-g7971cf19c3 (webtiles) character file.

Game seed: 2026340320989140624

1772 runemasterragnar the Grappler (level 8, -11/81 HPs)
             Began as a Troll Earth Elementalist on Feb 17, 2023.
             Was a Believer of Cheibriados.
             Mangled by a kobold brigand
             ... wielding a +1 dagger of electrocution
              (17 damage)
             ... in the Dungeon (Sprint IX: "|||||||||||||||||||||||||||||").
             The game lasted 00:01:26 (142 turns).

runemasterragnar the Grappler (TrEE)                 Turns: 142, Time: 00:01:26

Health: -11/81     AC:  5    Str: 26    XL:     8   Next: 80%
Magic:  11/13      EV: 14    Int: 15    God:    Cheibriados [**....]
Gold:   0          SH:  0    Dex: 14    Spells: 15/16 levels left

rFire   . . .      SeeInvis .      - Unarmed
rCold   . . .      Faith    .    (no shield)
rNeg    . . .      Spirit   .    a - +0 robe
rPois   .          Reflect  .    (helmet restricted)
rElec   .          Harm     .    j - +0 cloak
rCorr   .          Rampage  .    (gloves unavailable)
Will    .....      NoTele   +    (boots unavailable)
Stlth   +++                      (no amulet)
HPRegen 1.13/turn                k - +2 ring of evasion
MPRegen 0.13/turn                l - +3 ring of strength

@: very slow
A: large, unfitting armour, claws 3, regeneration 1, shaggy fur 1, tough skin 1
a: Renounce Religion, Bend Time


You were in the Dungeon.
You worshipped Cheibriados.
Cheibriados was pleased with you.
You visited 1 branch

Inventory:

Armour
 a - a +0 robe (worn)
 j - a +0 cloak (worn)
Jewellery
 k - a +2 ring of evasion (left claw)
 l - a +3 ring of strength (right claw)
Wands
 i - a wand of iceblast (9)
Scrolls
 g - 2 scrolls of blinking
 h - 2 scrolls of amnesia
Potions
 b - 5 potions of magic
 c - 5 potions of curing
 e - a potion of haste


   Skills:
 + Level 5.4 Fighting
 + Level 5.8 Dodging
 + Level 4.3 Stealth
 * Level 9.6 Unarmed Combat
 + Level 4.5 Spellcasting
 + Level 5.0 Transmutations
 + Level 6.8 Earth Magic
 + Level 4.8 Invocations


You had 15 spell levels left.
You knew the following spells:

 Your Spells              Type           Power      Damage    Failure   Level
a - Sandblast             Erth           48%        2d12      1%          1

Your spell library contained the following spells:

 Spells                   Type           Power      Damage    Failure   Level
 Passwall                 Tmut/Erth      17%        N/A       2%          2
 Stone Arrow              Conj/Erth      26%        3d8       13%         3
 Petrify                  Tmut/Erth      21%        N/A       14%         4


Dungeon Overview and Level Annotations

Branches:
Dungeon (1/1)

Altars:
Cheibriados
Dithmenos
Elyvilon
Fedhas
Gozag
Hepliaklqana
Kikubaaqudgha
Makhleb
Nemelex Xobeh
Okawaru
Qazlal
Ru
Sif Muna
Trog
Uskayaw
Vehumet
Wu Jian
Xom
Yredelemnul
Zin
The Shining One
Jiyva
Lugonu


Innate Abilities, Weirdness & Mutations

You are too large for most types of armour.
You have claws for hands.
Your natural rate of healing is unusually fast.
You are covered in fur. (AC +1)
You have tough skin. (AC +1)


Message History

You scratch the troll.
The troll is lightly wounded.
You flicker for a moment.
The troll bites you! The troll claws you! The troll barely misses you.
Items here: )))) ††.
You closely miss the troll. The troll completely misses you.
The troll barely misses you. The troll claws you.
You claw the troll! Your claw misses the troll.
The troll is moderately wounded.
The troll misses you. x2; The troll claws you.
You claw the troll!
The troll is heavily wounded.
The troll bites you!
* * * LOW HITPOINT WARNING * * *
The troll barely misses you. The troll claws you!
* * * LOW HITPOINT WARNING * * *
You claw the troll!
The troll is severely wounded.
The troll barely misses you. The troll closely misses you.
The troll misses you.
You feel much better.
You flicker back into view.
The troll completely misses you. The troll barely misses you.
The troll claws you!
* * * LOW HITPOINT WARNING * * *
You claw the troll!
You kill the troll!
Cheibriados appreciates the change of pace.
Your Transmutations skill increases to level 5!
The kobold brigand hits you with a +1 dagger of electrocution.
* * * LOW HITPOINT WARNING * * *
You are electrocuted!
* * * LOW HITPOINT WARNING * * *
The kobold brigand barely misses you.
You claw the kobold brigand!
The kobold brigand is moderately wounded.
The kobold brigand hits you with a +1 dagger of electrocution.
* * * LOW HITPOINT WARNING * * *
You are electrocuted!
You die...

▓.▓
▓.▓
▓)▓
▓.▓
▓.▓
▓[▓
▓[▓
▓)▓
▓@▓
▓K▓
▓.▓
▓.▓
▓.▓
▓.▓
▓.▓
▓.▓
▓+▓


You could see a kobold brigand.

Vanquished Creatures
  2 two-headed ogres (D)
  A troll (D)
  A shadow (D)
  A centaur (D)
  A phantom (D)
  A killer bee (D)
  2 adders (D)
  An orc (D)
  A bat (D)
  An endoplasm (D)
  A goblin (D)
  A kobold (D)
  A frilled lizard (D)
15 creatures vanquished.

Notes
Turn   | Place    | Note
-------+----------+-------------------------------------------
     0 | D        | runemasterragnar the Troll Earth Elementalist began the
                  | quest for the Orb.
     0 | D        | Reached XP level 1. HP: 16/16 MP: 1/1
    10 | D        | Reached skill level 1 in Unarmed Combat
    15 | D        | Reached skill level 1 in Transmutations
    25 | D        | Noticed a phantom
    25 | D        | Noticed a centaur
    32 | D        | Killed a phantom
    33 | D        | Reached skill level 4 in Unarmed Combat
    33 | D        | Reached XP level 2. HP: 28/28 MP: 2/4
    33 | D        | Reached XP level 3. HP: 35/35 MP: 2/5
    33 | D        | Reached XP level 4. HP: 42/42 MP: 2/6
    41 | D        | Killed a centaur
    42 | D        | Reached skill level 5 in Unarmed Combat
    42 | D        | Reached XP level 5. HP: 52/52 MP: 3/8
    51 | D        | Found a snail-covered altar of Cheibriados.
    51 | D        | Found a shadowy altar of Dithmenos.
    51 | D        | Found a white marble altar of Elyvilon.
    51 | D        | Found a blossoming altar of Fedhas.
    51 | D        | Found an opulent altar of Gozag.
    52 | D        | Found a hazy altar of Hepliaklqana.
    53 | D        | Found a viscous altar of Jiyva.
    54 | D        | Found an ancient bone altar of Kikubaaqudgha.
    55 | D        | Became a worshipper of Cheibriados the Contemplative
    56 | D        | Found a corrupted altar of Lugonu.
    57 | D        | Found a burning altar of Makhleb.
    58 | D        | Found a sparkling altar of Nemelex Xobeh.
    59 | D        | Found an iron altar of Okawaru.
    60 | D        | Found a stormy altar of Qazlal.
    61 | D        | Found a sacrificial altar of Ru.
    62 | D        | Found a shimmering blue altar of Sif Muna.
    63 | D        | Found a bloodstained altar of Trog.
    64 | D        | Found a hide-covered altar of Uskayaw.
    65 | D        | Found a radiant altar of Vehumet.
    66 | D        | Found an ornate altar of the Wu Jian Council.
    67 | D        | Found a shimmering altar of Xom.
    68 | D        | Found a basalt altar of Yredelemnul.
    69 | D        | Found a glowing silver altar of Zin.
    70 | D        | Found a glowing golden altar of the Shining One.
   103 | D        | Noticed a shadow
   103 | D        | Noticed a two-headed ogre
   103 | D        | Noticed a two-headed ogre
   103 | D        | Noticed a troll
   113 | D        | Killed a shadow
   114 | D        | Reached skill level 6 in Unarmed Combat
   114 | D        | Reached skill level 5 in Earth Magic
   114 | D        | Reached XP level 6. HP: 17/61 MP: 9/9
   123 | D        | Killed a two-headed ogre
   124 | D        | Reached skill level 5 in Dodging
   124 | D        | Reached skill level 8 in Unarmed Combat
   124 | D        | Reached XP level 7. HP: 29/71 MP: 9/11
   131 | D        | Killed a two-headed ogre
   131 | D        | Reached * piety under Cheibriados
   132 | D        | Reached skill level 5 in Fighting
   132 | D        | Reached skill level 9 in Unarmed Combat
   132 | D        | Reached XP level 8. HP: 50/80 MP: 9/13
   132 | D        | Reached ** piety under Cheibriados
   140 | D        | Killed a troll
   141 | D        | Reached skill level 5 in Transmutations
   142 | D        | Mangled by a kobold brigand

Illustrated notes

Levels and vault maps discovered:
D:        linesprint [early_d, line_temple, items_1, d_10, items_2, lair_1,
          lair_end, items_3, orc_1, orc_end, items_4, d_15, swamp_1, shoals_1,
          snake_1, spider_1, d_20, vaults_1, items_5, swamp_end, shoals_end,
          snake_end, spider_end, vaults_end, d_27, items_6, zot_1, zot_end,
          crypt_end, forest_end, elf_end, slime_end, tomb_end, abyss_end,
          pan_hell_end]

Skill      XL: |  1  2  3  4  5  6  7  8 |
---------------+-------------------------+-----
Unarmed Combat | 4 5 6 8 9 |  9.6
Transmutations | 2 3 4 5 |  5.0
Fighting       | 2 3 4 5 |  5.4
Dodging        | 2 3 4 5 |  5.8
Stealth        | 2 3 4 |  4.3
Spellcasting   | 2 3 4 |  4.5
Earth Magic    | 3 4 5 6 |  6.8
Invocations    | 2 3 4 |  4.8

Action                     |  1- 3 |  4- 6 |  7- 9 || total
---------------------------+-------+-------+-------++-------
  Melee: Unarmed           |    21 |    25 |    15 ||    61
  Evoke: Wand              |       |     1 |       ||     1
    Use: Potion            |     1 |     2 |     2 ||     5
   Stab: Invisible         |       |     2 |     2 ||     4
 Armour: Robe              |    11 |     3 |       ||    14
  Dodge: Dodged            |     7 |    13 |    17 ||    37

Table legend: (Time is in decaauts)
 A = Elapsed time spent in this place.
 B = Non-inter-level travel time spent in this place.
 C = Inter-level travel time spent in this place.
 D = Time resting spent in this place.
 E = Time spent auto-exploring this place.
 F = Levels seen in this place.
 G = Mean time per level.
                   A        B        C        D        E       F      G
               +--------+--------+--------+--------+--------+-----+--------+
         Total |    154 |    154 |      0 |      0 |      0 |   1 |  154.0 |
       Dungeon |    154 |    154 |      0 |      0 |      0 |   1 |  154.0 |
               +--------+--------+--------+--------+--------+-----+--------+

Top non-repeatable levels by time:
       D: 154 daAuts
